Calgary Flames vs Hartford Whalers
Created - Sunday, March 24, 2024 at 06:32
Goals
|
| Calgary Flames |
0 |
2 |
1 |
3 |
| Hartford Whalers |
0 |
0 |
1 |
1 |
|
Shots
|
| Calgary Flames |
7 |
18 |
7 |
32 |
| Hartford Whalers |
11 |
10 |
13 |
34 |
|
1st period
No Goal
Penalties :
Michael Anderson (CGY) for High sticking (Minor) at 1:13, Josh Anderson (HFD) for Hooking (Minor) at 10:02
2nd period
1. Calgary Flames , Zach Hyman 20 (Jeff Petry 13) at 15:48 (PP)
2. Calgary Flames , Timo Meier 16 (Zach Hyman 24, Sebastian Aho 34) at 16:02
Penalties :
Josh Anderson (HFD) for High sticking (Minor) at 7:59, Nikita Zaitsev (HFD) for Slashing (Minor) at 15:39, J.T. Miller (CGY) for Interference (Minor) at 19:29
3rd period
3. Hartford Whalers , Alexis Lafreniere 8 (Joshua Norris 14, Andre Burakovsky 15) at 16:32 (PP)
4. Calgary Flames , J.T. Miller 12 (Joel Eriksson Ek 18) at 19:19 (Empty Net)
Penalties :
Taylor Hall (HFD) for Roughing (Minor) at 7:21, Mathieu Joseph (CGY) for Holding (Minor) at 16:08
Goalie Stats
Ilya Sorokin (CGY), 33 saves from 34 shots - (0.971), W, 23-5-2, 60:00 minutes
Semyon Varlamov (HFD), 29 saves from 31 shots - (0.935), L, 10-19-3, 58:52 minutes
Players Stats for Calgary Flames
Player Name G A P +/- PIM S H SB GA TA FO MP PP MP PK MP
------------------------------------------------------------------------------------
Cole Sillinger 0 0 0 0 0 1 1 0 0 0 1/5 7:11 0:00 0:00
Drew Doughty 0 0 0 2 0 0 1 3 0 0 0/0 22:39 2:07 2:04
J.T. Miller 1 0 1 1 2 4 3 0 1 3 6/14 18:53 3:02 1:19
Jeff Petry 0 1 1 1 0 1 0 0 0 0 0/0 22:12 2:40 2:18
Joel Eriksson Ek 0 1 1 1 0 2 1 0 0 0 2/3 19:10 3:02 1:50
Kris Letang 0 0 0 0 0 0 1 1 1 0 0/0 20:31 3:05 0:00
Mathieu Joseph 0 0 0 0 2 1 2 1 0 0 0/3 17:20 0:00 2:29
Matthew Tkachuk 0 0 0 0 0 2 1 0 1 0 0/0 16:34 3:02 0:17
Michael Anderson 0 0 0 0 2 1 0 5 0 3 0/0 15:50 0:00 1:10
Nic Dowd 0 0 0 0 0 1 1 0 0 0 3/10 16:51 0:00 2:15
Oliver Bjorkstrand 0 0 0 0 0 1 0 0 1 0 0/0 14:21 0:00 0:00
Rafael Harvey-Pinard 0 0 0 0 0 0 0 0 0 0 0/1 7:11 0:00 0:00
Rasmus Andersson 0 0 0 0 0 0 0 0 0 2 0/0 19:33 3:59 0:54
Ryan McDonagh 0 0 0 1 0 3 0 2 0 0 0/0 19:29 0:21 2:18
Sebastian Aho 0 1 1 2 0 5 1 1 0 0 14/22 17:37 3:04 0:34
Timo Meier 1 0 1 1 0 4 2 0 0 1 1/4 16:31 3:04 0:00
Yakov Trenin 0 0 0 0 0 1 1 0 0 0 0/0 7:11 0:00 0:00
Zach Hyman 1 1 2 1 0 5 2 1 0 0 0/3 16:31 3:04 0:00
Players Stats for Hartford Whalers
Player Name G A P +/- PIM S H SB GA TA FO MP PP MP PK MP
------------------------------------------------------------------------------------
Alexander Wennberg 0 0 0 -2 0 1 2 0 0 0 15/30 20:44 2:18 3:20
Alexis Lafreniere 1 0 1 0 0 3 2 1 0 0 1/1 17:02 2:02 1:11
Andre Burakovsky 0 1 1 0 0 1 0 3 1 0 2/3 16:19 2:02 0:00
Casey Cizikas 0 0 0 0 0 2 2 0 0 0 8/16 16:20 0:02 3:35
Eetu Luostarinen 0 0 0 0 0 2 0 0 0 0 0/0 15:12 0:00 2:44
Erik Cernak 0 0 0 0 0 2 2 2 0 1 0/0 20:11 0:00 2:45
Jaccob Slavin 0 0 0 -1 0 1 1 3 0 0 0/0 23:49 2:08 3:21
Joel Edmundson 0 0 0 0 0 0 3 1 0 1 0/0 19:40 0:00 2:45
Josh Anderson 0 0 0 -1 4 2 0 1 0 0 0/0 14:18 0:02 0:58
Joshua Norris 0 1 1 0 0 5 0 1 0 0 8/10 15:53 2:02 0:02
Marcus Foligno 0 0 0 -1 0 1 1 0 1 0 0/0 8:41 0:02 0:22
Mike Hoffman 0 0 0 0 0 2 0 0 0 0 0/0 7:25 0:00 0:00
Nikita Zaitsev 0 0 0 -1 2 0 1 1 1 0 0/0 18:50 2:14 3:21
Olli Maatta 0 0 0 -1 0 0 2 2 0 0 0/0 16:00 2:14 0:00
Ryan Strome 0 0 0 0 0 0 0 0 3 1 4/4 7:25 0:00 0:00
T.J. Oshie 0 0 0 -1 0 2 1 0 0 0 0/1 17:16 2:18 0:00
Taylor Hall 0 0 0 -1 2 9 0 1 3 0 0/0 17:16 2:18 0:00
Thomas Chabot 0 0 0 -1 0 1 2 1 0 1 0/0 21:29 2:08 0:00
3 Stars
1 - Ilya Sorokin (CGY)
2 - Zach Hyman (CGY)
3 - Timo Meier (CGY)
Power Play
Calgary Flames - 1 on 4 Attempt(s) - 25.00%
Hartford Whalers - 1 on 3 Attempt(s) - 33.33%
Penalty Kill
Calgary Flames - 2 on 3 Attempt(s) - 66.67%
- Score 0 goal in Penalty Kill
Hartford Whalers - 3 on 4 Attempt(s) - 75.00%
- Score 0 goal in Penalty Kill
Team Stat
Calgary Flames - Hits : 17 - Faceoff Wins : 27 - Blocked Shots : 14 - Penalty Minutes : 6
Hartford Whalers - Hits : 19 - Faceoff Wins : 38 - Blocked Shots : 17 - Penalty Minutes : 8
Official
Referees : Steve Kozari and Francois StLaurent
Linesman : Steve Miller and Lonnie Cameron
Game Notes
J.T. Miller has scored in a empty net!
Finance
Level 1 -- Attendance: 5852 (58.52%) -- Ticket Income $526,680
Level 2 -- Attendance: 4714 (94.28%) -- Ticket Income $259,270
Level 3 -- Attendance: 2680 (89.33%) -- Ticket Income $80,400
Level 4 -- Attendance: 4916 (98.32%) -- Ticket Income $98,320
Luxury Box -- Attendance: 956 (95.60%) -- Ticket Income $181,640
Game was played at the Hartford Civic Center.
Total Attendance: 19118 (79.66%)
Total Ticket Income: $1,146,310
Other Income: $401,208
Total Income: $1,547,518
Calgary Flames
5 vs 5 Forward
Center Left Wing Right Wing Time % Phy DF OF
1 J.T. Miller Matthew Tkachuk Joel Eriksson Ek 31 0 2 3
2 Sebastian Aho Zach Hyman Timo Meier 30 0 2 3
3 Nic Dowd Mathieu Joseph Oliver Bjorkstrand 29 0 2 3
4 Cole Sillinger Rafael Harvey-Pinard Yakov Trenin 10 1 3 1
5 vs 5 Defense
Defense Defense Time % Phy DF OF
1 Drew Doughty Jeff Petry 35 1 3 1
2 Ryan McDonagh Kris Letang 35 1 3 1
3 Michael Anderson Rasmus Andersson 30 1 3 1
4 Kris Letang Jeff Petry 0 1 3 1
PowerPlay Forward
Center Left Wing Right Wing Time % Phy DF OF
1 J.T. Miller Matthew Tkachuk Joel Eriksson Ek 50 0 0 5
2 Sebastian Aho Zach Hyman Timo Meier 50 0 0 5
PowerPlay Defense
Defense Defense Time % Phy DF OF
1 Kris Letang Drew Doughty 50 0 0 5
2 Rasmus Andersson Jeff Petry 50 0 0 5
Penalty Kill 4 Players Forward
Center Wing Time % Phy DF OF
1 Joel Eriksson Ek Mathieu Joseph 50 0 5 0
2 J.T. Miller Nic Dowd 50 0 5 0
Penalty Kill 4 Players Defense
Defense Defense Time % Phy DF OF
1 Jeff Petry Ryan McDonagh 50 0 5 0
2 Michael Anderson Drew Doughty 50 0 5 0
Penalty Kill - 3 Players Forward
Forward Time % Phy DF OF
1 J.T. Miller 50 0 5 0
2 Sebastian Aho 50 0 5 0
Penalty Kill - 3 Players Defense
Defense Defense Time % Phy DF OF
1 Kris Letang Jeff Petry 50 0 5 0
2 Michael Anderson Drew Doughty 50 0 5 0
4 vs 4 Forward
Center Wing Time % Phy DF OF
1 J.T. Miller Timo Meier 50 1 2 2
2 Sebastian Aho Zach Hyman 50 1 2 2
4 vs 4 Defense
Defense Defense Time % Phy DF OF
1 Kris Letang Jeff Petry 50 1 2 2
2 Drew Doughty Michael Anderson 50 1 2 2
Last Minutes Offensive
Center Left Wing Right Wing Defense Defense
J.T. Miller Matthew Tkachuk Sebastian Aho Kris Letang Drew Doughty
Last Minutes Defensive
Center Left Wing Right Wing Defense Defense
J.T. Miller Sebastian Aho Joel Eriksson Ek Ryan McDonagh Drew Doughty
Goaltenders
Starting : Ilya Sorokin
Backup : Samuel Montembeault
Extra Forwards
Normal : Nic Dowd, Joel Eriksson Ek, Mathieu Joseph - PP : Nic Dowd, Joel Eriksson Ek - PK : Mathieu Joseph
Extra Defensemen
Normal : Rasmus Andersson, Michael Anderson, Jeff Petry - PP : Rasmus Andersson - PK : Michael Anderson, Jeff Petry
Penalty Shots
J.T. Miller, Matthew Tkachuk, Sebastian Aho, Joel Eriksson Ek, Timo Meier
Hartford Whalers
5 vs 5 Forward
Center Left Wing Right Wing Time % Phy DF OF
1 Alexander Wennberg Taylor Hall T.J. Oshie 35 0 3 2
2 Joshua Norris Andre Burakovsky Alexis Lafreniere 30 0 3 2
3 Casey Cizikas Eetu Luostarinen Josh Anderson 25 0 3 2
4 Ryan Strome Mike Hoffman Marcus Foligno 10 0 3 2
5 vs 5 Defense
Defense Defense Time % Phy DF OF
1 Jaccob Slavin Thomas Chabot 38 1 2 2
2 Joel Edmundson Erik Cernak 37 1 3 1
3 Olli Maatta Nikita Zaitsev 25 1 2 2
4 Jaccob Slavin Thomas Chabot 0 1 2 2
PowerPlay Forward
Center Left Wing Right Wing Time % Phy DF OF
1 Alexander Wennberg Taylor Hall T.J. Oshie 50 1 1 3
2 Joshua Norris Andre Burakovsky Alexis Lafreniere 50 2 1 2
PowerPlay Defense
Defense Defense Time % Phy DF OF
1 Thomas Chabot Jaccob Slavin 50 1 1 3
2 Olli Maatta Nikita Zaitsev 50 1 2 2
Penalty Kill 4 Players Forward
Center Wing Time % Phy DF OF
1 Casey Cizikas Eetu Luostarinen 50 1 4 0
2 Alexander Wennberg Josh Anderson 50 1 4 0
Penalty Kill 4 Players Defense
Defense Defense Time % Phy DF OF
1 Joel Edmundson Erik Cernak 50 2 3 0
2 Jaccob Slavin Nikita Zaitsev 50 1 4 0
Penalty Kill - 3 Players Forward
Forward Time % Phy DF OF
1 Casey Cizikas 50 1 4 0
2 Alexander Wennberg 50 1 4 0
Penalty Kill - 3 Players Defense
Defense Defense Time % Phy DF OF
1 Joel Edmundson Erik Cernak 50 2 3 0
2 Jaccob Slavin Nikita Zaitsev 50 1 4 0
4 vs 4 Forward
Center Wing Time % Phy DF OF
1 Alexander Wennberg Andre Burakovsky 50 1 2 2
2 Casey Cizikas Josh Anderson 50 1 2 2
4 vs 4 Defense
Defense Defense Time % Phy DF OF
1 Thomas Chabot Jaccob Slavin 50 1 2 2
2 Joel Edmundson Erik Cernak 50 2 2 1
Last Minutes Offensive
Center Left Wing Right Wing Defense Defense
Alexander Wennberg Alexis Lafreniere Andre Burakovsky Thomas Chabot Jaccob Slavin
Last Minutes Defensive
Center Left Wing Right Wing Defense Defense
Casey Cizikas Eetu Luostarinen Josh Anderson Joel Edmundson Erik Cernak
Goaltenders
Starting : Semyon Varlamov
Backup : Anton Forsberg
Extra Forwards
Normal : Andre Burakovsky, Joshua Norris, Alexis Lafreniere - PP : Andre Burakovsky, Taylor Hall - PK : Casey Cizikas
Extra Defensemen
Normal : Jaccob Slavin, Joel Edmundson, Nikita Zaitsev - PP : Thomas Chabot - PK : Jaccob Slavin, Erik Cernak
Penalty Shots
Alexander Wennberg, Andre Burakovsky, T.J. Oshie, Taylor Hall, Josh Anderson
% Time on Ice - Calgary Flames
Lines # - Real PCT - Wanted PCT - Time Play
Normal Forward
1 - 28% - 31% - 13:46
2 - 28% - 30% - 13:42
3 - 29% - 29% - 14:21
4 - 15% - 10% - 7:11
Normal Defense
1 - 35% - 35% - 17:12
2 - 36% - 35% - 17:24
3 - 29% - 30% - 14:14
4 - 0% - 0% - 0:10
PP Forward
1 - 50% - 50% - 3:02
2 - 50% - 50% - 3:04
PP Defense
1 - 51% - 50% - 3:05
2 - 49% - 50% - 3:01
PK Forward
1 - 48% - 50% - 2:07
2 - 52% - 50% - 2:15
PK Defense
1 - 53% - 50% - 2:18
2 - 47% - 50% - 2:04
PK3 Forward
1 - 0% - 50%
2 - 0% - 50%
PK3 Defense
1 - 0% - 50%
2 - 0% - 50%
44 Forward
1 - 0% - 50%
2 - 0% - 50%
44 Defense
1 - 0% - 50%
2 - 0% - 50%
Last Minute Offensive - 0:00
Last Minute Defensive - 0:32
Total
Forward - 60:00
Defense - 60:00
|
% Time on Ice - Hartford Whalers
Lines # - Real PCT - Wanted PCT - Time Play
Normal Forward
1 - 31% - 35% - 15:04
2 - 29% - 30% - 14:05
3 - 25% - 25% - 12:23
4 - 15% - 10% - 7:25
Normal Defense
1 - 39% - 38% - 18:51
2 - 36% - 37% - 17:35
3 - 26% - 25% - 12:31
4 - 0% - 0% - 0:00
PP Forward
1 - 53% - 50% - 2:18
2 - 47% - 50% - 2:04
PP Defense
1 - 49% - 50% - 2:08
2 - 51% - 50% - 2:14
PK Forward
1 - 42% - 50% - 2:32
2 - 58% - 50% - 3:34
PK Defense
1 - 45% - 50% - 2:45
2 - 55% - 50% - 3:21
PK3 Forward
1 - 0% - 50%
2 - 0% - 50%
PK3 Defense
1 - 0% - 50%
2 - 0% - 50%
44 Forward
1 - 0% - 50%
2 - 0% - 50%
44 Defense
1 - 0% - 50%
2 - 0% - 50%
Last Minute Offensive - 0:35
Last Minute Defensive - 0:00
Total
Forward - 60:00
Defense - 60:00
|
Play-by-Play
1st period
0:01 of 1st period - Joel Eriksson Ek wins face-off versus T.J. Oshie in neutral zone.
0:27 of 1st period - Drew Doughty is hit by Thomas Chabot and loses puck.
0:49 of 1st period - Off-side.
0:50 of 1st period - Joshua Norris wins face-off versus Nic Dowd in neutral zone.
0:53 of 1st period - Michael Anderson is hit by Erik Cernak and loses puck.
1:02 of 1st period - Wrist shot by Alexis Lafreniere.
1:02 of 1st period - Stopped by Ilya Sorokin without a rebound.
1:03 of 1st period - Ryan Strome wins face-off versus Rafael Harvey-Pinard in Calgary Flames zone.
1:13 of 1st period - Minor Penalty to Michael Anderson for High sticking.
1:14 of 1st period - Joel Eriksson Ek wins face-off versus Alexander Wennberg in Calgary Flames zone.
1:40 of 1st period - J.T. Miller is hit by Thomas Chabot and loses puck.
3:13 of 1st period - Penalty to Michael Anderson is over, Michael Anderson is back on ice.
3:27 of 1st period - Slapshot by Josh Anderson.
3:27 of 1st period - Deflect By Marcus Foligno.
3:27 of 1st period - Shot Misses the Net.
3:27 of 1st period - Puck is out of play.
3:28 of 1st period - Sebastian Aho wins face-off versus Casey Cizikas in Calgary Flames zone.
3:35 of 1st period - Snap shot by Sebastian Aho.
3:35 of 1st period - Stopped by Semyon Varlamov with a rebound.
3:37 of 1st period - Slapshot by Ryan McDonagh.
3:37 of 1st period - Shot Blocked by Josh Anderson.
3:39 of 1st period - Slapshot by Ryan McDonagh.
3:39 of 1st period - Stopped by Semyon Varlamov without a rebound.
3:40 of 1st period - Alexander Wennberg wins face-off versus Zach Hyman in Hartford Whalers zone.
3:51 of 1st period - Snap shot by T.J. Oshie.
3:51 of 1st period - Stopped by Ilya Sorokin with a rebound.
3:53 of 1st period - Slapshot by Nikita Zaitsev.
3:53 of 1st period - Deflect By T.J. Oshie.
3:53 of 1st period - Stopped by Ilya Sorokin without a rebound.
3:54 of 1st period - Nic Dowd wins face-off versus Joshua Norris in Calgary Flames zone.
4:11 of 1st period - Mathieu Joseph is hit by Alexis Lafreniere and loses puck.
4:49 of 1st period - Snap shot by Taylor Hall.
4:49 of 1st period - Shot Misses the Net.
5:32 of 1st period - Slapshot by Mathieu Joseph.
5:32 of 1st period - Shot Blocked by Erik Cernak.
7:26 of 1st period - Wrist shot by Alexis Lafreniere.
7:26 of 1st period - Shot Misses the Net.
7:34 of 1st period - Slapshot by Oliver Bjorkstrand.
7:34 of 1st period - Shot Blocked by Erik Cernak.
7:42 of 1st period - Snap shot by Alexis Lafreniere.
7:42 of 1st period - Shot Blocked by Mathieu Joseph.
7:54 of 1st period - Snap shot by Nic Dowd.
7:54 of 1st period - Shot Blocked by Andre Burakovsky.
8:09 of 1st period - Snap shot by Alexis Lafreniere.
8:09 of 1st period - Stopped by Ilya Sorokin with a rebound.
8:11 of 1st period - Snap shot by Erik Cernak.
8:11 of 1st period - Stopped by Ilya Sorokin without a rebound.
8:12 of 1st period - Alexander Wennberg wins face-off versus J.T. Miller in Calgary Flames zone.
8:38 of 1st period - Jaccob Slavin is hit by Sebastian Aho and loses puck.
9:17 of 1st period - Nikita Zaitsev is hit by J.T. Miller and loses puck.
9:46 of 1st period - Wrist shot by Josh Anderson.
9:46 of 1st period - Stopped by Ilya Sorokin without a rebound.
9:47 of 1st period - Casey Cizikas wins face-off versus Cole Sillinger in Calgary Flames zone.
9:53 of 1st period - Wrist shot by Eetu Luostarinen.
9:53 of 1st period - Shot Blocked by Michael Anderson.
10:02 of 1st period - Minor Penalty to Josh Anderson for Hooking.
10:03 of 1st period - Casey Cizikas wins face-off versus J.T. Miller in Hartford Whalers zone.
10:07 of 1st period - Casey Cizikas is hit by J.T. Miller and loses puck.
10:21 of 1st period - Icing by J.T. Miller.
10:22 of 1st period - J.T. Miller wins face-off versus Alexander Wennberg in Calgary Flames zone.
10:33 of 1st period - Snap shot by J.T. Miller.
10:33 of 1st period - Deflect By Matthew Tkachuk.
10:33 of 1st period - Shot Misses the Net.
10:33 of 1st period - Puck is out of play.
10:34 of 1st period - Sebastian Aho wins face-off versus Alexander Wennberg in Hartford Whalers zone.
10:35 of 1st period - Snap shot by Zach Hyman.
10:35 of 1st period - Shot Blocked by Jaccob Slavin.
10:45 of 1st period - Backhand shot by Alexander Wennberg.
10:45 of 1st period - Shot Misses the Net.
10:59 of 1st period - Jaccob Slavin is hit by J.T. Miller and loses puck.
11:04 of 1st period - Wrist shot by Matthew Tkachuk.
11:04 of 1st period - Stopped by Semyon Varlamov without a rebound.
11:05 of 1st period - J.T. Miller wins face-off versus Alexander Wennberg in Hartford Whalers zone.
11:32 of 1st period - Drew Doughty is hit by Nikita Zaitsev.
11:40 of 1st period - Eetu Luostarinen is hit by Timo Meier and loses puck.
12:02 of 1st period - Penalty to Josh Anderson is over, Josh Anderson is back on ice.
12:32 of 1st period - Joel Eriksson Ek is hit by Alexander Wennberg.
13:19 of 1st period - Wrist shot by Taylor Hall.
13:19 of 1st period - Stopped by Ilya Sorokin without a rebound.
13:20 of 1st period - Timo Meier wins face-off versus Alexander Wennberg in Calgary Flames zone.
13:50 of 1st period - Off-side.
13:51 of 1st period - Ryan Strome wins face-off versus Joel Eriksson Ek in neutral zone.
14:20 of 1st period - Slapshot by Alexander Wennberg.
14:20 of 1st period - Stopped by Ilya Sorokin with a rebound.
14:47 of 1st period - Wrist shot by Oliver Bjorkstrand.
14:47 of 1st period - Stopped by Semyon Varlamov with a rebound.
15:47 of 1st period - Wrist shot by Taylor Hall.
15:47 of 1st period - Shot Blocked by Zach Hyman.
15:57 of 1st period - Snap shot by Taylor Hall.
15:57 of 1st period - Stopped by Ilya Sorokin with a rebound.
16:19 of 1st period - Off-side.
16:20 of 1st period - J.T. Miller wins face-off versus Alexander Wennberg in neutral zone.
16:23 of 1st period - Snap shot by Matthew Tkachuk.
16:23 of 1st period - Stopped by Semyon Varlamov with a rebound.
16:35 of 1st period - Wrist shot by Matthew Tkachuk.
16:35 of 1st period - Shot Blocked by Taylor Hall.
17:20 of 1st period - Snap shot by Casey Cizikas.
17:20 of 1st period - Stopped by Ilya Sorokin without a rebound.
17:21 of 1st period - Casey Cizikas wins face-off versus J.T. Miller in Calgary Flames zone.
17:53 of 1st period - Wrist shot by Sebastian Aho.
17:53 of 1st period - Stopped by Semyon Varlamov with a rebound.
17:55 of 1st period - Slapshot by Ryan McDonagh.
17:55 of 1st period - Stopped by Semyon Varlamov with a rebound.
18:07 of 1st period - Yakov Trenin is hit by Marcus Foligno and loses puck.
18:24 of 1st period - Joel Edmundson is hit by Mathieu Joseph.
18:48 of 1st period - Icing by J.T. Miller.
18:49 of 1st period - Alexander Wennberg wins face-off versus J.T. Miller in Calgary Flames zone.
19:00 of 1st period - Wrist shot by T.J. Oshie.
19:00 of 1st period - Shot Misses the Net.
19:45 of 1st period - Wrist shot by Alexis Lafreniere.
19:45 of 1st period - Deflect By Joshua Norris.
19:45 of 1st period - Stopped by Ilya Sorokin with a rebound.
19:47 of 1st period - Backhand shot by Jaccob Slavin.
19:47 of 1st period - Shot Blocked by Ryan McDonagh.
Goals for this period are 0 for Calgary Flames vs 0 for Hartford Whalers.
Shots for this period are 7 for Calgary Flames vs 11 for Hartford Whalers.
2nd period
0:01 of 2nd period - Alexander Wennberg wins face-off versus J.T. Miller in neutral zone.
0:08 of 2nd period - Snap shot by Alexander Wennberg.
0:08 of 2nd period - Shot Blocked by Kris Letang.
0:26 of 2nd period - Josh Anderson is hit by Zach Hyman and loses puck.
0:31 of 2nd period - Wrist shot by Zach Hyman.
0:31 of 2nd period - Stopped by Semyon Varlamov with a rebound.
0:33 of 2nd period - Snap shot by Timo Meier.
0:33 of 2nd period - Shot Hit the Post.
0:35 of 2nd period - Slapshot by Jeff Petry.
0:35 of 2nd period - Stopped by Semyon Varlamov with a rebound.
0:37 of 2nd period - Snap shot by Timo Meier.
0:37 of 2nd period - Stopped by Semyon Varlamov with a rebound.
1:30 of 2nd period - Mathieu Joseph is hit by T.J. Oshie.
1:43 of 2nd period - Rasmus Andersson is hit by Olli Maatta and loses puck.
2:22 of 2nd period - Cole Sillinger is hit by Joel Edmundson.
3:00 of 2nd period - Thomas Chabot is hit by Nic Dowd and loses puck.
3:05 of 2nd period - Snap shot by Oliver Bjorkstrand.
3:05 of 2nd period - Shot Blocked by Jaccob Slavin.
3:07 of 2nd period - Slapshot by Michael Anderson.
3:07 of 2nd period - Shot Misses the Net.
3:09 of 2nd period - Snap shot by Nic Dowd.
3:09 of 2nd period - Stopped by Semyon Varlamov without a rebound.
3:10 of 2nd period - Joshua Norris wins face-off versus J.T. Miller in Hartford Whalers zone.
3:10 of 2nd period - Joshua Norris is hit by Joel Eriksson Ek.
3:38 of 2nd period - Icing by Michael Anderson.
3:39 of 2nd period - Alexander Wennberg wins face-off versus Zach Hyman in Calgary Flames zone.
3:52 of 2nd period - Slapshot by T.J. Oshie.
3:52 of 2nd period - Deflect By Taylor Hall.
3:52 of 2nd period - Shot Blocked by Sebastian Aho.
3:52 of 2nd period - Puck is out of play.
3:53 of 2nd period - J.T. Miller wins face-off versus Alexander Wennberg in Calgary Flames zone.
3:58 of 2nd period - Snap shot by J.T. Miller.
3:58 of 2nd period - Shot Misses the Net.
4:29 of 2nd period - Wrist shot by Zach Hyman.
4:29 of 2nd period - Deflect By Sebastian Aho.
4:29 of 2nd period - Shot Misses the Net.
4:29 of 2nd period - Puck is out of play.
4:30 of 2nd period - Sebastian Aho wins face-off versus Casey Cizikas in Hartford Whalers zone.
4:31 of 2nd period - Snap shot by Zach Hyman.
4:31 of 2nd period - Stopped by Semyon Varlamov with a rebound.
4:33 of 2nd period - Snap shot by Sebastian Aho.
4:33 of 2nd period - Stopped by Semyon Varlamov with a rebound.
4:35 of 2nd period - Slapshot by Sebastian Aho.
4:35 of 2nd period - Deflect By Zach Hyman.
4:35 of 2nd period - Stopped by Semyon Varlamov with a rebound.
4:37 of 2nd period - Slapshot by Kris Letang.
4:37 of 2nd period - Shot Misses the Net.
4:43 of 2nd period - Slapshot by Sebastian Aho.
4:43 of 2nd period - Shot Blocked by Nikita Zaitsev.
4:45 of 2nd period - Snap shot by Ryan McDonagh.
4:45 of 2nd period - Stopped by Semyon Varlamov with a rebound.
4:47 of 2nd period - Slapshot by Ryan McDonagh.
4:47 of 2nd period - Shot Misses the Net.
5:30 of 2nd period - Wrist shot by Oliver Bjorkstrand.
5:30 of 2nd period - Shot Blocked by Andre Burakovsky.
5:41 of 2nd period - Icing by Nikita Zaitsev.
5:42 of 2nd period - Ryan Strome wins face-off versus Cole Sillinger in Hartford Whalers zone.
5:47 of 2nd period - Slapshot by Kris Letang.
5:47 of 2nd period - Deflect By Cole Sillinger.
5:47 of 2nd period - Stopped by Semyon Varlamov without a rebound.
5:48 of 2nd period - J.T. Miller wins face-off versus Alexander Wennberg in Hartford Whalers zone.
5:51 of 2nd period - Wrist shot by Matthew Tkachuk.
5:51 of 2nd period - Deflect By J.T. Miller.
5:51 of 2nd period - Stopped by Semyon Varlamov without a rebound.
5:52 of 2nd period - J.T. Miller wins face-off versus Alexander Wennberg in Hartford Whalers zone.
6:17 of 2nd period - Snap shot by Andre Burakovsky.
6:17 of 2nd period - Stopped by Ilya Sorokin without a rebound.
6:18 of 2nd period - Andre Burakovsky wins face-off versus Sebastian Aho in Calgary Flames zone.
6:25 of 2nd period - Slapshot by Andre Burakovsky.
6:25 of 2nd period - Shot Blocked by Drew Doughty.
6:27 of 2nd period - Snap shot by Alexis Lafreniere.
6:27 of 2nd period - Shot Misses the Net.
6:29 of 2nd period - Wrist shot by Joshua Norris.
6:29 of 2nd period - Stopped by Ilya Sorokin without a rebound.
6:30 of 2nd period - Sebastian Aho wins face-off versus Alexander Wennberg in Calgary Flames zone.
6:30 of 2nd period - Sebastian Aho is hit by Alexander Wennberg.
6:59 of 2nd period - Ryan McDonagh is hit by Casey Cizikas and loses puck.
7:15 of 2nd period - Icing by Thomas Chabot.
7:16 of 2nd period - Joshua Norris wins face-off versus Nic Dowd in Hartford Whalers zone.
7:41 of 2nd period - Wrist shot by Joel Eriksson Ek.
7:41 of 2nd period - Stopped by Semyon Varlamov with a rebound.
7:59 of 2nd period - Minor Penalty to Josh Anderson for High sticking.
8:00 of 2nd period - Casey Cizikas wins face-off versus Sebastian Aho in Hartford Whalers zone.
8:11 of 2nd period - Snap shot by Timo Meier.
8:11 of 2nd period - Stopped by Semyon Varlamov without a rebound.
8:12 of 2nd period - Alexander Wennberg wins face-off versus Sebastian Aho in Hartford Whalers zone.
9:59 of 2nd period - Penalty to Josh Anderson is over, Josh Anderson is back on ice.
10:06 of 2nd period - Kris Letang is hit by Joel Edmundson and loses puck.
10:11 of 2nd period - Wrist shot by Mike Hoffman.
10:11 of 2nd period - Stopped by Ilya Sorokin without a rebound.
10:12 of 2nd period - Ryan Strome wins face-off versus Nic Dowd in Calgary Flames zone.
10:15 of 2nd period - Wrist shot by Mike Hoffman.
10:15 of 2nd period - Stopped by Ilya Sorokin with a rebound.
10:44 of 2nd period - Slapshot by Rafael Harvey-Pinard.
10:44 of 2nd period - Shot Misses the Net.
10:46 of 2nd period - Slapshot by Michael Anderson.
10:46 of 2nd period - Stopped by Semyon Varlamov with a rebound.
10:48 of 2nd period - Wrist shot by Yakov Trenin.
10:48 of 2nd period - Stopped by Semyon Varlamov without a rebound.
10:49 of 2nd period - Alexander Wennberg wins face-off versus Sebastian Aho in Hartford Whalers zone.
11:04 of 2nd period - Snap shot by Taylor Hall.
11:04 of 2nd period - Stopped by Ilya Sorokin with a rebound.
11:28 of 2nd period - Snap shot by Andre Burakovsky.
11:28 of 2nd period - Shot Misses the Net.
11:53 of 2nd period - Kris Letang is hit by Joel Edmundson and loses puck.
12:31 of 2nd period - Snap shot by J.T. Miller.
12:31 of 2nd period - Stopped by Semyon Varlamov with a rebound.
12:33 of 2nd period - Slapshot by Kris Letang.
12:33 of 2nd period - Shot Blocked by Joshua Norris.
13:05 of 2nd period - Slapshot by J.T. Miller.
13:05 of 2nd period - Shot Misses the Net.
13:13 of 2nd period - Slapshot by Matthew Tkachuk.
13:13 of 2nd period - Shot Blocked by Alexis Lafreniere.
13:15 of 2nd period - Wrist shot by Matthew Tkachuk.
13:15 of 2nd period - Shot Misses the Net.
13:23 of 2nd period - Snap shot by J.T. Miller.
13:23 of 2nd period - Stopped by Semyon Varlamov without a rebound.
13:24 of 2nd period - Sebastian Aho wins face-off versus Alexander Wennberg in Hartford Whalers zone.
13:49 of 2nd period - Casey Cizikas is hit by Mathieu Joseph and loses puck.
13:58 of 2nd period - Snap shot by Mathieu Joseph.
13:58 of 2nd period - Shot Misses the Net.
14:17 of 2nd period - Snap shot by Thomas Chabot.
14:17 of 2nd period - Shot Blocked by Michael Anderson.
14:19 of 2nd period - Slapshot by Jaccob Slavin.
14:19 of 2nd period - Stopped by Ilya Sorokin with a rebound.
14:21 of 2nd period - Wrist shot by Mike Hoffman.
14:21 of 2nd period - Shot Blocked by Michael Anderson.
14:35 of 2nd period - Backhand shot by Sebastian Aho.
14:35 of 2nd period - Shot Blocked by Jaccob Slavin.
14:44 of 2nd period - Icing by T.J. Oshie.
14:45 of 2nd period - Alexander Wennberg wins face-off versus Nic Dowd in Hartford Whalers zone.
14:50 of 2nd period - Wrist shot by T.J. Oshie.
14:50 of 2nd period - Shot Misses the Net.
14:58 of 2nd period - Snap shot by Thomas Chabot.
14:58 of 2nd period - Shot Blocked by Drew Doughty.
15:19 of 2nd period - Snap shot by Thomas Chabot.
15:19 of 2nd period - Stopped by Ilya Sorokin without a rebound.
15:20 of 2nd period - Nic Dowd wins face-off versus Casey Cizikas in Calgary Flames zone.
15:20 of 2nd period - Nic Dowd is hit by Casey Cizikas.
15:39 of 2nd period - Minor Penalty to Nikita Zaitsev for Slashing.
15:40 of 2nd period - Casey Cizikas wins face-off versus Timo Meier in Hartford Whalers zone.
15:48 of 2nd period - Snap shot by Zach Hyman.
15:48 of 2nd period - Goal by Zach Hyman - Calgary Flames : 1 - Hartford Whalers : 0.
15:49 of 2nd period - Sebastian Aho wins face-off versus Alexander Wennberg in neutral zone.
16:00 of 2nd period - Snap shot by Timo Meier.
16:00 of 2nd period - Shot Blocked by Olli Maatta.
16:02 of 2nd period - Wrist shot by Timo Meier.
16:02 of 2nd period - Goal by Timo Meier - Calgary Flames : 2 - Hartford Whalers : 0.
16:03 of 2nd period - Alexander Wennberg wins face-off versus Timo Meier in neutral zone.
18:01 of 2nd period - Wrist shot by Joel Eriksson Ek.
18:01 of 2nd period - Shot Blocked by Thomas Chabot.
18:19 of 2nd period - Snap shot by Eetu Luostarinen.
18:19 of 2nd period - Stopped by Ilya Sorokin without a rebound.
18:20 of 2nd period - Sebastian Aho wins face-off versus Casey Cizikas in Calgary Flames zone.
18:24 of 2nd period - Off-side.
18:25 of 2nd period - Alexander Wennberg wins face-off versus Sebastian Aho in neutral zone.
18:34 of 2nd period - Snap shot by Taylor Hall.
18:34 of 2nd period - Stopped by Ilya Sorokin with a rebound.
19:02 of 2nd period - Snap shot by Josh Anderson.
19:02 of 2nd period - Stopped by Ilya Sorokin without a rebound.
19:03 of 2nd period - Joshua Norris wins face-off versus Sebastian Aho in Calgary Flames zone.
19:29 of 2nd period - Minor Penalty to J.T. Miller for Interference.
19:30 of 2nd period - Joshua Norris wins face-off versus Mathieu Joseph in Calgary Flames zone.
Goals for this period are 2 for Calgary Flames vs 0 for Hartford Whalers.
Shots for this period are 18 for Calgary Flames vs 10 for Hartford Whalers.
3rd period
0:01 of 3rd period - Alexander Wennberg wins face-off versus Mathieu Joseph in neutral zone.
0:14 of 3rd period - Snap shot by Taylor Hall.
0:14 of 3rd period - Stopped by Ilya Sorokin without a rebound.
0:15 of 3rd period - Joshua Norris wins face-off versus Mathieu Joseph in Calgary Flames zone.
0:48 of 3rd period - Wrist shot by Taylor Hall.
0:48 of 3rd period - Stopped by Ilya Sorokin without a rebound.
0:49 of 3rd period - Alexander Wennberg wins face-off versus Sebastian Aho in Calgary Flames zone.
1:29 of 3rd period - Penalty to J.T. Miller is over, J.T. Miller is back on ice.
1:50 of 3rd period - Backhand shot by Alexander Wennberg.
1:50 of 3rd period - Shot Misses the Net.
1:52 of 3rd period - Slapshot by Olli Maatta.
1:52 of 3rd period - Shot Blocked by Michael Anderson.
1:54 of 3rd period - Slapshot by Olli Maatta.
1:54 of 3rd period - Shot Blocked by Drew Doughty.
1:56 of 3rd period - Snap shot by Taylor Hall.
1:56 of 3rd period - Stopped by Ilya Sorokin with a rebound.
2:08 of 3rd period - Snap shot by Taylor Hall.
2:08 of 3rd period - Stopped by Ilya Sorokin without a rebound.
2:09 of 3rd period - Sebastian Aho wins face-off versus Casey Cizikas in Calgary Flames zone.
2:46 of 3rd period - Slapshot by Rasmus Andersson.
2:46 of 3rd period - Shot Blocked by Andre Burakovsky.
3:19 of 3rd period - Wrist shot by Oliver Bjorkstrand.
3:19 of 3rd period - Shot Blocked by Joel Edmundson.
3:29 of 3rd period - Snap shot by Joshua Norris.
3:29 of 3rd period - Stopped by Ilya Sorokin with a rebound.
3:31 of 3rd period - Slapshot by Erik Cernak.
3:31 of 3rd period - Deflect By Joshua Norris.
3:31 of 3rd period - Shot Hit the Post.
3:31 of 3rd period - Puck is out of play.
3:32 of 3rd period - Cole Sillinger wins face-off versus Joshua Norris in Calgary Flames zone.
3:57 of 3rd period - Wrist shot by Sebastian Aho.
3:57 of 3rd period - Stopped by Semyon Varlamov without a rebound.
3:58 of 3rd period - Sebastian Aho wins face-off versus Casey Cizikas in Hartford Whalers zone.
3:59 of 3rd period - Snap shot by Timo Meier.
3:59 of 3rd period - Shot Misses the Net.
4:04 of 3rd period - Icing by Josh Anderson.
4:05 of 3rd period - Sebastian Aho wins face-off versus Casey Cizikas in Hartford Whalers zone.
4:06 of 3rd period - Wrist shot by Zach Hyman.
4:06 of 3rd period - Stopped by Semyon Varlamov with a rebound.
6:25 of 3rd period - Snap shot by Mike Hoffman.
6:25 of 3rd period - Shot Misses the Net.
6:27 of 3rd period - Slapshot by Jaccob Slavin.
6:27 of 3rd period - Shot Blocked by Ryan McDonagh.
6:29 of 3rd period - Wrist shot by Marcus Foligno.
6:29 of 3rd period - Stopped by Ilya Sorokin with a rebound.
6:38 of 3rd period - Off-side.
6:39 of 3rd period - Joshua Norris wins face-off versus Cole Sillinger in neutral zone.
6:41 of 3rd period - Off-side.
6:42 of 3rd period - Andre Burakovsky wins face-off versus Cole Sillinger in neutral zone.
6:47 of 3rd period - Snap shot by Joshua Norris.
6:47 of 3rd period - Shot Blocked by Michael Anderson.
6:53 of 3rd period - Wrist shot by Andre Burakovsky.
6:53 of 3rd period - Shot Misses the Net.
6:55 of 3rd period - Snap shot by Joshua Norris.
6:55 of 3rd period - Shot Misses the Net.
6:57 of 3rd period - Slapshot by Joshua Norris.
6:57 of 3rd period - Stopped by Ilya Sorokin without a rebound.
6:58 of 3rd period - Alexander Wennberg wins face-off versus Sebastian Aho in Calgary Flames zone.
7:04 of 3rd period - Off-side.
7:05 of 3rd period - Alexander Wennberg wins face-off versus Timo Meier in neutral zone.
7:21 of 3rd period - Minor Penalty to Taylor Hall for Roughing.
7:22 of 3rd period - Casey Cizikas wins face-off versus Zach Hyman in Hartford Whalers zone.
8:11 of 3rd period - Eetu Luostarinen is hit by Drew Doughty and loses puck.
9:21 of 3rd period - Penalty to Taylor Hall is over, Taylor Hall is back on ice.
9:34 of 3rd period - Backhand shot by Rafael Harvey-Pinard.
9:34 of 3rd period - Shot Misses the Net.
9:44 of 3rd period - Michael Anderson is hit by Jaccob Slavin and loses puck.
10:01 of 3rd period - Nikita Zaitsev is hit by Kris Letang and loses puck.
10:16 of 3rd period - Olli Maatta is hit by Cole Sillinger and loses puck.
11:01 of 3rd period - Erik Cernak is hit by Yakov Trenin and loses puck.
11:47 of 3rd period - Andre Burakovsky is hit by Matthew Tkachuk and loses puck.
12:14 of 3rd period - Alexis Lafreniere is hit by Timo Meier and loses puck.
13:22 of 3rd period - Rafael Harvey-Pinard is hit by Alexis Lafreniere and loses puck.
13:50 of 3rd period - Kris Letang is hit by Olli Maatta and loses puck.
14:03 of 3rd period - Wrist shot by Joel Eriksson Ek.
14:03 of 3rd period - Stopped by Semyon Varlamov without a rebound.
14:04 of 3rd period - Casey Cizikas wins face-off versus Nic Dowd in Hartford Whalers zone.
14:16 of 3rd period - Wrist shot by Mathieu Joseph.
14:16 of 3rd period - Shot Blocked by Olli Maatta.
14:46 of 3rd period - Snap shot by Eetu Luostarinen.
14:46 of 3rd period - Shot Misses the Net.
14:48 of 3rd period - Slapshot by Casey Cizikas.
14:48 of 3rd period - Stopped by Ilya Sorokin without a rebound.
14:49 of 3rd period - Sebastian Aho wins face-off versus Alexander Wennberg in Calgary Flames zone.
15:26 of 3rd period - Off-side.
15:27 of 3rd period - Sebastian Aho wins face-off versus Alexander Wennberg in neutral zone.
15:35 of 3rd period - Snap shot by Sebastian Aho.
15:35 of 3rd period - Stopped by Semyon Varlamov without a rebound.
15:36 of 3rd period - Sebastian Aho wins face-off versus Alexander Wennberg in Hartford Whalers zone.
15:43 of 3rd period - Wrist shot by Timo Meier.
15:43 of 3rd period - Shot Misses the Net.
15:45 of 3rd period - Wrist shot by Timo Meier.
15:45 of 3rd period - Stopped by Semyon Varlamov without a rebound.
15:46 of 3rd period - Nic Dowd wins face-off versus Casey Cizikas in Hartford Whalers zone.
15:47 of 3rd period - Snap shot by Mathieu Joseph.
15:47 of 3rd period - Stopped by Semyon Varlamov with a rebound.
16:08 of 3rd period - Minor Penalty to Mathieu Joseph for Holding.
16:09 of 3rd period - Alexis Lafreniere wins face-off versus J.T. Miller in Calgary Flames zone.
16:16 of 3rd period - Snap shot by Joshua Norris.
16:16 of 3rd period - Stopped by Ilya Sorokin without a rebound.
16:17 of 3rd period - Joshua Norris wins face-off versus J.T. Miller in Calgary Flames zone.
16:32 of 3rd period - Wrist shot by Alexis Lafreniere.
16:32 of 3rd period - Goal by Alexis Lafreniere - Calgary Flames : 2 - Hartford Whalers : 1.
16:33 of 3rd period - Casey Cizikas wins face-off versus Nic Dowd in neutral zone.
16:46 of 3rd period - Snap shot by Eetu Luostarinen.
16:46 of 3rd period - Stopped by Ilya Sorokin with a rebound.
16:48 of 3rd period - Slapshot by Joel Edmundson.
16:48 of 3rd period - Shot Misses the Net.
16:58 of 3rd period - Jeff Petry is hit by Erik Cernak.
17:39 of 3rd period - T.J. Oshie is hit by Zach Hyman and loses puck.
18:11 of 3rd period - Hartford Whalers, Semyon Varlamov is pulled from the net.
19:19 of 3rd period - Snap shot by J.T. Miller.
19:19 of 3rd period - Goal by J.T. Miller - Calgary Flames : 3 - Hartford Whalers : 1.
19:19 of 3rd period - Semyon Varlamov from Hartford Whalers was sent back in the game.
19:20 of 3rd period - Alexander Wennberg wins face-off versus Nic Dowd in neutral zone.
19:23 of 3rd period - Wrist shot by Erik Cernak.
19:23 of 3rd period - Stopped by Ilya Sorokin with a rebound.
19:39 of 3rd period - Snap shot by Taylor Hall.
19:39 of 3rd period - Stopped by Ilya Sorokin without a rebound.
19:40 of 3rd period - Sebastian Aho wins face-off versus Andre Burakovsky in Calgary Flames zone.
19:45 of 3rd period - Snap shot by Zach Hyman.
19:45 of 3rd period - Shot Misses the Net.
19:47 of 3rd period - Snap shot by Sebastian Aho.
19:47 of 3rd period - Shot Misses the Net.
19:53 of 3rd period - Snap shot by Sebastian Aho.
19:53 of 3rd period - Shot Misses the Net.
Goals for this period are 1 for Calgary Flames vs 1 for Hartford Whalers.
Shots for this period are 7 for Calgary Flames vs 13 for Hartford Whalers.
Back to the Top